 Dungeon Crawl Stone Soup version 0.20.1-1-g8b1a95d (webtiles) character file.

121 dengdeng the Ruffian (level 5, -5/33 HPs)
             Began as a Gargoyle Chaos Knight on Oct 28, 2017.
             Slain by Rhok's ghost (11 damage)
             ... on level 4 of the Dungeon on Oct 29, 2017.
             The game lasted 00:17:25 (2955 turns).

dengdeng the Ruffian (Gargoyle Chaos Knight)        Turns: 2955, Time: 00:17:25

Health: -5/33      AC: 10    Str: 17    XL:     5   Next: 5%
Magic:  5/5        EV: 11    Int: 12    God:    Xom [...*..]
Gold:   120        SH:  0    Dex:  9    Spells: 4/4 levels left

rFire    . . .     SeeInvis .     - Unarmed
rCold    . . .     Gourm    .   (no shield)
rNeg     + . .     Faith    .   a - +2 leather armour
rPois    ∞         Spirit   .   r - +0 helmet
rElec    +         Reflect  .   (no cloak)
rCorr    .         Harm     .   (no gloves)
MR       .....                  (no boots)
Stlth    +.........             (no amulet)
Regen    0.2/turn               (no ring)
MPRegen  0.1/turn               (no ring)

@: no status effects
A: negative energy resistance 1, electricity resistance, unbreathing,
petrification resistance, rot immunity, AC +4
a: Renounce Religion


You were on level 4 of the Dungeon.
You worshipped Xom.
You were a favourite toy of Xom.
You were hungry.

You visited 1 branch of the dungeon, and saw 4 of its levels.

You collected 120 gold pieces.

Inventory:

Missiles
 e - 115 stones (quivered)
Armour
 a - a +2 leather armour (worn)
 r - a +0 helmet (worn)
Scrolls
 c - a scroll of remove curse {unknown}
 f - a scroll of immolation {unknown}
 g - a scroll of recharging {unknown}
 h - 2 scrolls of enchant armour {unknown}
 j - 2 scrolls of magic mapping {unknown}
 l - 5 scrolls of identify {unknown}
 p - a scroll of teleportation {unknown}
 u - a scroll of fog {unknown}
Potions
 d - a potion of invisibility {unknown}
 m - 2 potions of flight {unknown}
 n - 2 potions of heal wounds {unknown}
 o - a potion of curing {unknown}
 s - a potion of resistance {unknown}
 t - a potion of berserk rage {unknown}
Comestibles
 b - 4 bread rations
 i - 3 fruits
 k - 2 chunks of flesh
 q - a royal jelly


   Skills:
 + Level 3.9 Fighting
 + Level 0.8 Throwing
 + Level 2.6 Armour
 + Level 1.5 Dodging
 + Level 0.8 Stealth
 + Level 4.3 Unarmed Combat


You had 4 spell levels left.
You didn't know any spells.

Dungeon Overview and Level Annotations

Branches:
Dungeon (4/15)
 Temple: D:4-7

Altars:
Okawaru
Xom

Annotations:
D:4 Rhok's ghost, amateur MiFi


Innate Abilities, Weirdness & Mutations

You are resistant to torment.
Your stone body is resilient. (AC +4)
You are immune to poison.
You resist negative energy. (rN+)
You are resistant to electric shocks. (rElec)
You can survive without breathing.
You are immune to petrification.
You are immune to rotting.


Message History

Rhok's ghost is lightly damaged.
Xom alters the dungeon around you.
The worker ant waves its antennae.
Rhok's ghost closely misses you.
You hit Rhok's ghost. You punch Rhok's ghost.
Rhok's ghost is lightly damaged.
The worker ant bites you but does no damage.
Rhok's ghost hits you!
You hit Rhok's ghost but do no damage.
Rhok's ghost is lightly damaged.
The worker ant bites you but does no damage.
Rhok's ghost hits you!
* * * LOW HITPOINT WARNING * * *
The worker ant bites you but does no damage.
You hit Rhok's ghost.
Rhok's ghost is lightly damaged.
The hound barely misses you. The worker ant closely misses you.
Rhok's ghost hits you!
You die...
Xom snickers!

...........## ..
............ #.#
#.........# ###.#
#......._.# ....##
#.##.........#
##...###..#.........#...
...............hWa......
##...####..# #@#
.........#.## #.#
......##.#..# #.#
#####..#.##.####.#######
...#...............#
##..####..#.........#
#..# ##.#.........# #..#
#.#.........# #..#
#.#.........#


You could see a hound, a worker ant and Rhok's ghost.

Vanquished Creatures
  Jessica (D:2)
  2 adders (D:2)
  A worm (D:2)
  A dart slug (D:2)
  2 leopard geckos
  An orc (D:3)
  11 bats
  2 giant cockroaches (D:3)
  7 goblins
  5 hobgoblins
  8 jackals
  7 kobolds
  A ball python (D:1)
  7 frilled lizards
  6 rats
62 creatures vanquished.

Vanquished Creatures (collateral kills)
  A worm (D:2)
1 creature vanquished.

Grand Total: 63 creatures vanquished

Notes
Turn   | Place    | Note
-------+----------+-------------------------------------------
     0 | D:1      | dengdeng the Gargoyle Chaos Knight began the quest for the Orb.
     0 | D:1      | Reached XP level 1. HP: 14/14 MP: 1/1
    64 | D:1      | Reached XP level 2. HP: 16/19 MP: 2/2
   113 | D:1      | XOM: harmless Summ miscast
   587 | D:1      | XOM: cloud trail
   889 | D:1      | XOM: noise
   896 | D:1      | Reached XP level 3. HP: 24/24 MP: 3/3
  1036 | D:1      | XOM: divination: detect items
  1420 | D:1      | Reached skill level 1 in Dodging
  1635 | D:2      | Found an iron altar of Okawaru.
  1791 | D:2      | Noticed Jessica
  1807 | D:2      | Killed Jessica
  1807 | D:2      | Reached skill level 4 in Unarmed Combat
  1807 | D:2      | Reached XP level 4. HP: 21/29 MP: 4/4
  1965 | D:2      | XOM: cloud trail
  2002 | D:2      | XOM: butterfly on damage
  2013 | D:2      | XOM: harmless Erth miscast
  2311 | D:2      | XOM: cast spell 'Monstrous Menagerie'
  2857 | D:3      | Reached XP level 5. HP: 33/33 MP: 5/5
  2946 | D:4      | Noticed Rhok's ghost (amateur MiFi)
  2952 | D:4      | XOM: scenery: create altars
  2955 | D:4      | Slain by Rhok's ghost

Skill      XL: |  1  2  3 |
---------------+----------+-----
Dodging        | 1 |  1.5
Unarmed Combat | 4 |  4.3
Fighting       | |  3.9
Throwing       | |  0.8
Armour         | |  2.6
Stealth        | |  0.8

Action                   |  1- 3 |  4- 6 || total
-------------------------+-------+-------++-------
Melee: Unarmed           |   167 |   108 ||   275
       Punch             |     1 |     5 ||     6
Throw: Stone             |    56 |    15 ||    71
  Eat: Chunk             |     3 |     3 ||     6
Armor: Leather armour    |   103 |    64 ||   167
Dodge: Dodged            |   145 |   108 ||   253
